 Dungeon Crawl Stone Soup version 0.27-a0-1332-g84bddb5ca7 (webtiles) character file.

Game seed: 32349097640695505

12821 dinky3 the Covert (level 11, -3/50 HPs)
             Began as a Spriggan Enchanter on June 26, 2021.
             Was a Follower of Dithmenos.
             Splashed by an acid dragon's acid (11 damage)
             ... on level 11 of the Dungeon.
             The game lasted 00:22:00 (13136 turns).

dinky3 the Covert (Spriggan Enchanter)             Turns: 13136, Time: 00:22:01

Health: -3/50      AC:  0    Str:  4    XL:     11   Next: 67%
Magic:  14/19      EV: 22    Int: 23    God:    Dithmenos [*.....]
Gold:   1474       SH:  0    Dex: 15    Spells: 1/20 levels left

rFire    + . .     SeeInvis +   L - +8 dagger (vamp)
rCold    + . .     Faith    .   (shield restricted)
rNeg     . . .     Spirit   .   I - +4 troll leather armour
rPois    .         Reflect  .   (helmet restricted)
rElec    .         Harm     .   e - scarf {rC+ rF+}
rCorr    .         Rampage  .   (gloves unavailable)
Will     +....                  (boots unavailable)
Stlth    ++++++....             v - amulet of regeneration
HPRegen  2.16/turn              M - ring "Doschonom" {Wiz Int+2}
MPRegen  0.16/turn              (no ring)

@: corroded, very slightly contaminated, wreathed by umbra, very quick
A: very small, no large weapons, unfitting armour, see invisible, speed 3
a: Renounce Religion


You were on level 11 of the Dungeon.
You worshipped Dithmenos.
Dithmenos was aware of your devotion.
You visited 2 branches of the dungeon, and saw 12 of its levels.
You also visited: Gauntlet.

You collected 1642 gold pieces.
You spent 168 gold pieces at shops.

Inventory:

Hand Weapons
 c - a +2 dagger of pain
 m - a +1 dagger of speed
 z - a +1 short sword of draining
 A - a +0 dagger
 D - a +2 dagger of venom
 J - the +6 quarterstaff of Baxteyno {flame, rPois rC++ Int-2 Dex+2}
   (You found it on level 9 of the Dungeon)

   It has been specially enchanted to burn those struck by it, causing extra
   injury to most foes and up to half again as much damage against particularly
   susceptible opponents.
   It affects your intelligence (-2).
   It affects your dexterity (+2).
   It greatly protects you from cold.
   It protects you from poison.
 L - a +8 vampiric dagger (weapon)
Missiles
 i - 94 poisoned darts
 y - 7 curare-tipped darts
 E - a throwing net
Armour
 e - a scarf of resistance (worn)
 I - a +4 troll leather armour (worn)
Jewellery
 q - a +4 ring of protection
 v - an amulet of regeneration (around neck)
 C - a ring of fire
 M - the ring "Doschonom" (left hand) {Wiz Int+2}
   (You found it in a Gauntlet)

   [ring of wizardry]

   It improves your spell success rate.
   It affects your intelligence (+2).
Wands
 a - a wand of paralysis (17)
 p - a wand of flame (36)
 B - a wand of polymorph (10)
 H - a wand of iceblast (12)
 Q - a wand of charming (9)
 R - a wand of mindburst (7)
Scrolls
 b - a scroll of silence
 d - 7 scrolls of teleportation
 l - 3 scrolls of fog
 n - a scroll of amnesia
 u - 2 scrolls of holy word
 w - a scroll of fear
 F - 4 scrolls of immolation
 N - a scroll of torment
Potions
 f - a potion of might
 h - a potion of resistance
 j - a potion of brilliance
 k - 5 potions of curing
 o - 3 potions of magic
 r - 3 potions of lignification
 s - a potion of ambrosia {unknown}
 t - a potion of mutation
 x - a potion of cancellation {unknown}
 G - a potion of flight {unknown}
 O - a potion of heal wounds {unknown}
Miscellaneous
 g - a phial of floods (inert)
 K - a tin of tremorstones (2/2)


   Skills:
 + Level 2.2 Fighting
 - Level 10.0 Short Blades
 + Level 11.6 Dodging
 + Level 14.5 Stealth
 - Level 5.0 Spellcasting
 + Level 11.4 Hexes
 + Level 0.9 Summonings


You had one spell level left.
You knew the following spells:

 Your Spells              Type           Power      Damage    Failure   Level
a - Corona                Hex            61%        N/A       1%          1
b - Ensorcelled Hibernat  Hex/Ice        64%        N/A       1%          2
c - Confusing Touch       Hex            55%        N/A       1%          3
d - Tukima's Dance        Hex            55%        N/A       1%          3
e - Dazzling Flash        Conj/Hex       64%        N/A       1%          3
f - Summon Mana Viper     Hex/Summ       34%        N/A       16%         5
B - Blink                 Tloc           N/A        N/A       11%         2

Your spell library contained the following spells:

 Spells                   Type           Power      Damage    Failure   Level
 Summon Small Mammal      Summ           40%        N/A       4%          1
 Freeze                   Ice            20%        1d4       7%          1
 Sandblast                Erth           10%        2d5       7%          1
 Summon Guardian Golem    Hex/Summ       34%        N/A       1%          3
 Call Imp                 Summ           10%        N/A       7%          2
 Passwall                 Tmut/Erth      4%         N/A       11%         2
 Call Canine Familiar     Summ           10%        N/A       14%         3
 Metabolic Englaciation   Hex/Ice        16%        N/A       17%         5
 Frozen Ramparts          Ice            10%        1d3       21%         3
 Gell's Gravitas          Tloc           2%         N/A       21%         3
 Lesser Beckoning         Tloc           2%         N/A       21%         3
 Mephitic Cloud           Conj/Pois/Air  5%         N/A       21%         3
 Ozocubu's Armour         Ice            5%         N/A       21%         3
 Stone Arrow              Conj/Erth      10%        3d7       21%         3
 Teleport Other           Tloc           5%         N/A       21%         3
 Summon Ice Beast         Ice/Summ       8%         N/A       45%         4
 Summon Lightning Spire   Summ/Air       8%         N/A       45%         4
 Airstrike                Air            2%         N/A       52%         4
 Hailstorm                Conj/Ice       5%         3d4       52%         4
 Petrify                  Tmut/Erth      5%         N/A       52%         4
 Blade Hands              Tmut           2%         N/A       86%         5
 Bolt of Magma            Conj/Fire/Erth 2%         4d4       86%         5
 Irradiate                Conj/Tmut      2%         3d14      86%         5
 Lee's Rapid Deconstruct  Erth           2%         3d6*      86%         5
 Manifold Assault         Tloc           5%         N/A       86%         5
 Discord                  Hex            27%        N/A       98%         8
 Statue Form              Tmut/Erth      3%         N/A       100%        6
 Dragon Form              Tmut           2%         N/A       100%        7
 Storm Form               Tmut/Air       2%         N/A       100%        7


Dungeon Overview and Level Annotations

Branches:
Dungeon (11/15)            Temple (1/1) D:4            Lair (0/6) D:8
    Orc (0/2) D:9         Gauntlet (visited)

Altars:
Ashenzari
Cheibriados
Dithmenos
Elyvilon
Fedhas
Gozag
Hepliaklqana
Kikubaaqudgha
Makhleb
Nemelex Xobeh
Okawaru
Qazlal
Ru
Sif Muna
Trog
Uskayaw
Vehumet
Wu Jian
Xom
Yredelemnul
Zin
The Shining One
Beogh

Shops:
D:2 *   D:7 *

Annotations:
D:10 2 transporters, indyram44's ghost, novice DsBe


Innate Abilities, Weirdness & Mutations

You are very small and have problems with some larger weapons.
You are too small for most types of armour.
You have supernaturally acute eyesight. (SInv)
You cover ground extremely quickly. (Speed+++)


Message History

The acid dragon resists with significant effort.
The acid dragon spits acid at you. The splash of acid hits you!
The acid corrodes you!
You are splashed with acid!
* * * LOW HITPOINT WARNING * * *
Unknown command.
Okay, then.
Aim the phial where?
Press: ? - help, Shift-Dir - straight line, f/p - acid dragon
Aim: an acid dragon (catching its breath, umbra)
The torrent of water hits the acid dragon!
The acid dragon is heavily wounded.
The acid dragon is knocked back by the torrent of water.
The wave splashes down.
The acid dragon is engulfed in water.
You hear an angry hiss.
Press: ? - help, v - describe, . - travel
Here: an acid dragon (heavily wounded, catching its breath, waterlogged, umbra) Some shallow water, summoned.
Okay, then.
Throw: 2 throwing nets
Press: ? - help, Shift-Dir - straight line, f/p - acid dragon
Aim: an acid dragon (heavily wounded, catching its breath, waterlogged, umbra, 59% to hit)
You throw a throwing net. The throwing net hits the acid dragon.
The acid dragon is caught in the net!
The acid dragon is heavily wounded.
You hear a splash.
The acid dragon struggles against the net.
You hit the acid dragon.
You feel better.
The acid dragon is heavily wounded.
You hit the acid dragon but do no damage.
The acid dragon is heavily wounded.
The acid dragon struggles against the net.
You hit the acid dragon but do no damage.
The acid dragon is heavily wounded.
You hit the acid dragon but do no damage.
The acid dragon is heavily wounded.
The acid dragon spits acid at you. The splash of acid hits you!
* * * LOW HITPOINT WARNING * * *
You are splashed with acid!
You die...

*,,,,*
*,,,,,,,,*
*,,,,*
#........#
*,,,,*
#........#
*,,,,*
#........#
*,,,,*
#........#
*+****
#....≈≈≈?#
,,,,,*
#....≈≈..#
,,,,,*
#....≈D..#
,>,,,*
#.....@..#
,,,,,*
#........#
,,,,,*
######'###
,,,,,*
#.......#
******
#.......#
#.......#
#.......#
#.......#
#......∩#


You could see an acid dragon (caught, catching breath, waterlogged).

Vanquished Creatures
  A minotaur (Gauntlet)
  A hydra (D:9)
  A hell beast (Gauntlet)
  A cyclops (D:9)
  An ugly thing (D:11)
  A gargoyle (D:10)
  2 unseen horrors
  5 trolls
  A meliai (shapeshifter) (D:8)
  Grinder (D:3)
  2 dream sheep (D:9)
  2 wraiths (D:10)
  A shadow (D:7)
  3 yaks (D:9)
  A steam dragon (D:7)
  4 vampire mosquitoes (D:10)
  Menkaure (D:6)
  An acid dragon (D:11)
  A hell hound (Gauntlet)
  3 water moccasins
  4 orc warriors
  4 black bears
  A necrophage (D:5)
  An ice beast (D:7)
  An ogre (D:5)
  4 centaurs
  A phantom (D:7)
  6 kobold brigands
  2 bullfrogs
  A scorpion (D:5)
  A water moccasin zombie (D:5)
  8 wights
  3 howler monkeys
  7 centaur zombies
  A jelly (D:7)
  9 hounds
  A bullfrog skeleton (D:6)
  8 orc priests
  2 centaur skeletons
  Jessica (D:3)
  11 orc wizards
  Ijyb (D:3)
  3 iguanas
  A hound skeleton (D:5)
  2 howler monkey zombies
  8 adders
  7 gnolls
  A howler monkey skeleton (D:6)
  2 white imps (D:7)
  2 ufetubi
  An adder skeleton (D:4)
  A worm (D:4)
  A dart slug (D:3)
  39 orcs
  5 ball pythons
  8 endoplasms
  3 giant cockroaches
  12 hobgoblins
  7 jackals
  5 quokkas
  3 bats
  A frilled lizard (D:2)
  8 goblins
  24 kobolds
  3 rats
259 creatures vanquished.

Vanquished Creatures (collateral kills)
  A two-headed ogre (D:9)
  An orc warrior (D:9)
  An ogre (D:4)
  A centaur (D:7)
  4 wights
  A hound (D:7)
  4 orcs
13 creatures vanquished.

Vanquished Creatures (others)
  7 dancing weapons
  An orc (D:7)
  3 plants (D:9)
11 creatures vanquished.

Grand Total: 283 creatures vanquished

Notes
Turn   | Place    | Note
-------+----------+-------------------------------------------
     0 | D:1      | dinky3 the Spriggan Enchanter began the quest for the Orb.
     0 | D:1      | Reached XP level 1. HP: 9/9 MP: 5/5
   183 | D:1      | Found a faded altar of an unknown god.
   277 | D:1      | Reached XP level 2. HP: 13/13 MP: 6/6
  1014 | D:1      | Learned a level 2 spell: Ensorcelled Hibernation
  1040 | D:1      | Reached skill level 5 in Stealth
  1439 | D:2      | Found Lyef's Assorted Antiques.
  1456 | D:2      | Reached XP level 3. HP: 3/16 MP: 5/8
  2254 | D:2      | Reached XP level 4. HP: 5/21 MP: 6/9
  2493 | D:1      | Learned a level 3 spell: Tukima's Dance
  2712 | D:2      | Reached skill level 6 in Stealth
  2955 | D:3      | Noticed Ijyb
  2962 | D:3      | Killed Ijyb
  3035 | D:3      | Reached XP level 5. HP: 24/24 MP: 10/10
  3077 | D:3      | Noticed Grinder
  3254 | D:2      | Bought a fuming coppery potion for 16 gold pieces
  3254 | D:2      | Bought 2 lumpy black potions for 32 gold pieces
  3254 | D:2      | Bought a fizzy coppery potion for 16 gold pieces
  3254 | D:2      | Bought a lumpy black potion for 16 gold pieces
  3254 | D:2      | Bought a smoky puce potion for 16 gold pieces
  3472 | D:3      | Noticed Jessica
  3484 | D:3      | Killed Jessica
  3888 | D:4      | Learned a level 3 spell: Confusing Touch
  3900 | D:4      | Noticed a black bear
  3908 | D:4      | Killed a black bear
  3909 | D:4      | Reached skill level 7 in Stealth
  3909 | D:4      | Reached XP level 6. HP: 28/28 MP: 8/11
  3911 | D:4      | Found a staircase to the Ecumenical Temple.
  3929 | Temple   | Entered the Ecumenical Temple
  4182 | D:4      | Noticed a water moccasin
  4278 | D:4      | Killed a water moccasin
  4279 | D:4      | Reached skill level 5 in Hexes
  4987 | D:2      | Bought 3 scrolls labelled OVAS GYENIROA for 54 gold pieces
  4987 | D:2      | Bought a scroll labelled AFAZXA UBATAO for 18 gold pieces
  5061 | D:3      | Killed Grinder
  5062 | D:3      | Reached skill level 5 in Short Blades
  5062 | D:3      | Reached skill level 8 in Stealth
  5062 | D:3      | Reached XP level 7. HP: 25/32 MP: 9/12
  5489 | D:5      | Entered Level 5 of the Dungeon
  5560 | D:5      | Reached skill level 5 in Dodging
  5782 | D:5      | Found a broken altar of Ashenzari.
  5818 | D:5      | Reached skill level 9 in Stealth
  5818 | D:5      | Reached XP level 8. HP: 36/36 MP: 13/13
  6086 | D:5      | Found a burning altar of Makhleb.
  6565 | D:6      | Reached skill level 10 in Stealth
  7011 | D:6      | Noticed Menkaure
  7013 | D:6      | Killed Menkaure
  7060 | D:6      | Reached XP level 9. HP: 39/39 MP: 3/14
  7628 | D:6      | Learned a level 2 spell: Blink
  7860 | D:7      | Reached skill level 11 in Stealth
  7875 | D:7      | Noticed a troll
  7887 | D:7      | Identified a scroll of acquirement
  7887 | D:7      | Acquired 1007 gold pieces
  8031 | D:7      | Found Uxuxt's General Store.
  8041 | D:7      | Found a stormy altar of Qazlal.
  8238 | D:7      | Noticed an unseen horror
  8268 | D:7      | Killed an unseen horror
  8297 | D:7      | Identified the Compendium of Malediction and the Rocks
  8857 | D:7      | Killed a troll
  8858 | D:7      | Reached XP level 10. HP: 43/44 MP: 0/18
  9264 | D:8      | Acquired a scarf of resistance
  9289 | D:8      | Reached skill level 12 in Stealth
  9289 | D:8      | Reached skill level 5 in Spellcasting
  9593 | D:8      | Found a bloodstained altar of Trog.
  9626 | D:8      | Found a sacrificial altar of Ru.
  9893 | D:8      | Found a staircase to the Lair.
 10370 | D:9      | Found a staircase to the Orcish Mines.
 10372 | D:9      | Identified the +6 quarterstaff of Baxteyno {flame, rPois
                  | rC++ Int-2 Dex+2}
 10455 | D:9      | Noticed a three-headed hydra
 10472 | D:9      | Killed a three-headed hydra
 10473 | D:9      | Reached skill level 10 in Hexes
 10542 | D:9      | Noticed a cyclops
 10565 | D:9      | Noticed a two-headed ogre
 10597 | D:9      | Killed a two-headed ogre
 10598 | D:9      | Reached skill level 10 in Dodging
 10598 | D:9      | Reached skill level 13 in Stealth
 11024 | D:8      | Learned a level 3 spell: Dazzling Flash
 11265 | D:9      | Killed a cyclops
 11266 | D:9      | Reached XP level 11. HP: 43/47 MP: 14/19
 11576 | D:10     | Entered Level 10 of the Dungeon
 11621 | D:10     | Found a shadowy altar of Dithmenos.
 11635 | D:10     | Became a worshipper of Dithmenos the Shadowed
 11723 | D:10     | Found a transporter.
 11759 | D:10     | Noticed indyram44's ghost (novice DsBe)
 12041 | D:10     | Found a transporter.
 12053 | D:10     | Found the +8 lance "Wyrmbane" {slay drac, rPois rF+ rC+
                  | AC+3}
 12452 | D:11     | Reached skill level 14 in Stealth
 12603 | D:11     | Noticed a purple ugly thing
 12607 | D:11     | Killed a purple ugly thing
 12607 | D:11     | Reached * piety under Dithmenos
 12608 | D:11     | Reached skill level 10 in Short Blades
 12609 | D:11     | Reached skill level 1 in Fighting
 12691 | D:11     | Noticed a two-headed ogre
 12740 | D:11     | Found a gate leading to a gauntlet.
 12748 | Gauntlet | Entered a Gauntlet
 12748 | Gauntlet | Found a transporter.
 12748 | Gauntlet | Found a large runed translucent door.
 12748 | Gauntlet | Found a large runed translucent door.
 12748 | Gauntlet | Found a large runed translucent door.
 12748 | Gauntlet | Found a large runed translucent door.
 12748 | Gauntlet | Found a large runed translucent door.
 12748 | Gauntlet | Found a large runed translucent door.
 12748 | Gauntlet | Found a runed translucent door.
 12748 | Gauntlet | Found a runed translucent door.
 12748 | Gauntlet | Found a large runed translucent door.
 12748 | Gauntlet | Found a large runed translucent door.
 12748 | Gauntlet | Found a large runed translucent door.
 12748 | Gauntlet | Found a large runed translucent door.
 12748 | Gauntlet | Found a large runed translucent door.
 12748 | Gauntlet | Found a large runed translucent door.
 12749 | Gauntlet | Found a large runed translucent door.
 12749 | Gauntlet | Found a large runed translucent door.
 12749 | Gauntlet | Found a large runed translucent door.
 12749 | Gauntlet | Found a large runed translucent door.
 12755 | Gauntlet | Found a runed translucent door.
 12757 | Gauntlet | Found a transporter.
 12757 | Gauntlet | Found a runed translucent gate.
 12757 | Gauntlet | Found a runed translucent gate.
 12757 | Gauntlet | Found a runed translucent gate.
 12758 | Gauntlet | Found a transporter.
 12758 | Gauntlet | Noticed a death yak
 12758 | Gauntlet | Noticed a death yak
 12759 | Gauntlet | Found a transporter.
 12759 | Gauntlet | Noticed a death yak
 12759 | Gauntlet | Noticed a wizard
 12760 | Gauntlet | Noticed a death yak
 12762 | Gauntlet | Found a transporter.
 12763 | Gauntlet | Found a transporter.
 12764 | Gauntlet | Noticed a death yak
 12767 | Gauntlet | Noticed a dire elephant
 12768 | Gauntlet | Noticed a hell beast
 12771 | Gauntlet | Found a transporter.
 12772 | Gauntlet | Found a transporter.
 12791 | Gauntlet | Noticed a wretched star
 12799 | Gauntlet | Found a transporter.
 12799 | Gauntlet | Found a transporter.
 12807 | Gauntlet | Found a transporter.
 12810 | Gauntlet | Noticed a death drake
 12811 | Gauntlet | Found the ring of the Mage {Wiz Will++ Int+3}
 12847 | Gauntlet | Found a transporter.
 12898 | Gauntlet | Found a runed translucent door.
 12939 | Gauntlet | Noticed a wizard
 13013 | Gauntlet | Identified Sif Muna's Grimoire of Floating Creation
 13020 | Gauntlet | Identified the ring "Doschonom" {Wiz Int+2}
 13034 | Gauntlet | Identified the +1 pair of gloves of Amelioration {Rampage
                  | rCorr}
 13041 | Gauntlet | Killed a hell beast
 13081 | Gauntlet | Learned a level 5 spell: Summon Mana Viper
 13082 | Gauntlet | Noticed a minotaur
 13089 | Gauntlet | Killed a minotaur
 13136 | D:11     | Splashed by an acid dragon's acid

Illustrated notes

Levels and vault maps discovered:
D:1:      zelgadis_glass_arrival_small, layout_basic,
          chequers_ecumenical_altar_simple, chequers_decorated_corner
D:2:      layout_loops_ring, serial_shops, shop_fountains
D:3:      layout_basic, uniq_ijyb, uniq_jessica, uniq_grinder
D:4:      layout_gridville, temple_fountains, corexii_shack,
          hangedman_abyss_or_decor_stagger
D:5:      cheibrodos_thug_alley, layout_loops_ring, general_overflow_altar,
          bloody_makhleb
D:6:      layout_basic, minivault_5, uniq_menkaure
D:7:      layout_loops_ring, old_standard_altar, serial_shops,
          nicolae_shop_window_shopping, grunt_potential
D:8:      layout_basic, kennysheep_mini, trog_ov_bears_minmay,
          grunt_ministairs_9, nicolae_straight_to_the_point
D:9:      layout_big_octagon, david_orc_5, hangedman_abyss_or_decor_stabs,
          hangedman_ranch
D:10:     layout_stronghold, nicolae_dithmenos_through_a_glass_darkly,
          gammafunk_ghost_stat_death, hangedman_decor_opposing
D:11:     layout_gridville, gauntlet_entry_generic
Temple:   eino_temple_scatter_basement

Skill      XL: |  1  2  3  4  5  6  7  8  9 10 11 |
---------------+----------------------------------+-----
Dodging        | 3 4 5 7 8 10 11 | 11.6
Stealth        | 5 6 7 8 9 10 11 13 14 | 14.5
Short Blades   | 2 3 5 6 8 9 10 | 10.0
Hexes          | 4 6 7 9 10 11 | 11.4
Spellcasting   | 4 5 |  5.0
Fighting       | 2 |  2.2
Summonings     | |  0.9

Action                   |  1- 3 |  4- 6 |  7- 9 | 10-12 || total
-------------------------+-------+-------+-------+-------++-------
Melee: Dagger            |    68 |       |   324 |   379 ||   771
       Short sword       |    49 |   135 |   119 |       ||   303
Throw: Throwing net      |       |       |       |     2 ||     2
       Dart              |       |       |       |     1 ||     1
 Cast: Corona            |     4 |       |       |       ||     4
       Ensorcelled Hiber |     7 |    19 |    50 |    52 ||   128
       Confusing Touch   |       |     2 |    14 |    16 ||    32
       Tukima's Dance    |       |     1 |     4 |    14 ||    19
       Dazzling Flash    |       |       |       |     2 ||     2
       Blink             |       |       |       |     1 ||     1
Evoke: Wand              |       |     4 |       |       ||     4
       Phial of floods   |       |       |       |     1 ||     1
  Use: Scroll            |       |     5 |     9 |    14 ||    28
       Potion            |       |       |       |     2 ||     2
 Stab: Sleeping          |    19 |    19 |    34 |    37 ||   109
       Confused          |       |     2 |    11 |    12 ||    25
       Distracted        |       |       |       |     1 ||     1
       Invisible         |       |       |       |     4 ||     4
       Held in net/web   |       |       |       |     2 ||     2
Armor: Robe              |    10 |     8 |    46 |       ||    64
       Troll leather arm |       |       |       |    36 ||    36
Dodge: Dodged            |    75 |    93 |   332 |   309 ||   809

Table legend: (Time is in decaauts)
 A = Elapsed time spent in this place.
 B = Non-inter-level travel time spent in this place.
 C = Inter-level travel time spent in this place.
 D = Time resting spent in this place.
 E = Time spent auto-exploring this place.
 F = Levels seen in this place.
 G = Mean time per level.
                   A        B        C        D        E       F      G
               +--------+--------+--------+--------+--------+-----+--------+
         Total |   9519 |   9109 |    410 |   1533 |   5154 |  13 |  732.2 |
       Dungeon |   9114 |   8716 |    398 |   1517 |   4925 |  11 |  828.5 |
        Temple |    153 |    141 |     12 |      0 |    139 |   1 |  153.0 |
      Gauntlet |    251 |    251 |      0 |     16 |     90 |   1 |  251.0 |
               +--------+--------+--------+--------+--------+-----+--------+

Top non-repeatable levels by time:
     D:2: 1325 daAuts
     D:1: 1188 daAuts
     D:7: 1036 daAuts
     D:8: 1004 daAuts
     D:6: 962 daAuts
     D:4: 754 daAuts
     D:3: 709 daAuts
     D:9: 688 daAuts
     D:5: 643 daAuts
    D:10: 593 daAuts
Gauntlet: 251 daAuts
    D:11: 208 daAuts
  Temple: 153 daAuts
